Map: Ruins of Seras

Players

benogan - Winner!

  • Race: Protoss Protoss
  • League: Gold

Grumm

  • Race: Protoss Protoss
  • League: Gold

VOD

Have the link to the VOD?

Description

Time

  • Played on: Jan. 22, 2016, 6:55 p.m.
  • Length: 7:30
Show
View Real Time Build Order
Export as new Build Order

benogan Protoss - Winner!

Build Orders:  

Get SALT Encoding   

  12  0:02  Probe (Chrono Boost)  
  13  0:13  Probe (Chrono Boost)  
  14  0:18  Pylon  
  14  0:23  Probe (Chrono Boost)  
  15  0:36  Probe (Chrono Boost)  
  15  0:38  Gateway  
  16  0:47  Probe (Chrono Boost)  
  17  0:53  Assimilator  
  17  0:57  Probe (Chrono Boost)  
  18  1:08  Probe (Chrono Boost)  
  18  1:09  Gateway  
  20  1:18  Probe (Chrono Boost)  
  20  1:23  Pylon  
  20  1:29  Probe (Chrono Boost)  
  21  1:35  Cybernetics Core  
  21  1:39  Probe (Chrono Boost)  
  22  1:45  Assimilator  
  22  1:56  Probe (Chrono Boost)  
  23  2:12  Stalker x2  
  23  2:14  Warp Gate (Chrono Boost)  
  27  2:29  Pylon  
  27  2:42  Stalker x2  
  31  2:47  Pylon  
  31  3:24  Stalker x2  
  35  3:27  Robotics Facility  
  35  3:29  Gateway  
  35  3:35  Mothership Core  
  37  4:11  Stalker x2  
  37  4:14  Immortal (Chrono Boost)  
  45  4:30  Stalker  
  47  4:44  Nexus  
  47  4:47  Pylon  
  47  4:50  Pylon  
  39  5:35  Stalker  
  39  5:36  Stalker x2  
  39  5:38  Immortal (Chrono Boost)  
  45  6:16  Stalker x2  
  45  6:17  Stalker  
  55  6:18  Probe  
  55  6:19  Immortal (Chrono Boost)  
  56  6:29  Probe  
  57  6:36  Gateway  
  57  6:40  Stalker  
  57  6:43  Sentry  
  57  6:45  Sentry  
  53  7:28  Stalker x2  
  53  7:29  Stalker  
Show
View Real Time Build Order
Export as new Build Order

Grumm Protoss 

Build Orders: 1 Gate Expand 

Get SALT Encoding   

  12  0:01  Probe (Chrono Boost)  
  13  0:11  Probe (Chrono Boost)  
  14  0:24  Pylon  
  14  0:28  Probe (Chrono Boost)  
  15  0:32  Assimilator  
  15  0:47  Gateway  
  15  0:54  Gateway  
  15  0:57  Probe (Chrono Boost)  
  16  1:32  Nexus  
  16  1:46  Zealot (Chrono Boost)  
  18  1:48  Zealot (Chrono Boost)  
  20  1:55  Probe  
  21  2:05  Pylon  
  21  2:17  Probe (Chrono Boost)  
  21  2:21  Assimilator  
  22  2:28  Probe (Chrono Boost)  
  23  2:34  Cybernetics Core  
  23  2:47  Forge  
  23  2:50  Pylon  
  23  3:01  Probe x2 (Chrono Boost)  
  23  3:11  Probe (Chrono Boost)  
  22  3:13  Warp Gate (Chrono Boost)  
  22  3:19  Stalker  
  24  3:22  Stalker  
  26  3:32  Mothership Core (Chrono Boost)  
  28  3:38  Protoss Ground Weapons Level 1  
  28  3:47  Probe (Chrono Boost)  
  29  3:51  Probe (Chrono Boost)  
  30  4:04  Stalker  
  30  4:05  Stalker  
  30  4:06  Probe (Chrono Boost)  
  30  4:08  Probe (Chrono Boost)  
  37  4:17  Probe (Chrono Boost)  
  37  4:20  Probe (Chrono Boost)  
  38  4:27  Robotics Facility  
  38  4:30  Assimilator  
  38  4:33  Probe x2 (Chrono Boost)  
  38  4:35  Assimilator  
  40  4:43  Probe (Chrono Boost)  
  44  4:45  Probe (Chrono Boost)  
  44  4:55  Probe (Chrono Boost)  
  44  4:57  Probe (Chrono Boost)  
  46  5:02  Pylon  
  46  5:18  Pylon  
  46  5:34  Pylon  
  42  5:37  Pylon, Immortal (Chrono Boost)  
  42  5:40  Photon Cannon  
  46  5:43  Photon Cannon  
  46  5:48  Gateway  
  44  5:51  Gateway  
  38  6:24  Pylon  
  38  6:31  Gateway  
  38  6:32  Probe  
  38  6:34  Probe, Immortal (Chrono Boost)  
  44  6:44  Pylon, Zealot  
  46  6:51  Pylon  
  46  7:10  Zealot  
  42  7:25  Pylon  
Tags
 
Add a new tag
Caveats
  • Supply blocks, unpowered buildings, or Contaminate may cause inaccurate times.
  • Supply counts are checked every 10 seconds.